 Dungeon Crawl Stone Soup version 0.28.0-45-g0d030f2227 (webtiles) character file.

Game seed: 18358029045391652076

28 Icepheonix32 the Chopper (level 3, 0/27 HPs)
             Began as a Demonspawn Gladiator on Apr 16, 2022.
             Succumbed to an adder's poison
             ... on level 2 of the Dungeon.
             The game lasted 00:01:28 (799 turns).

Icepheonix32 the Chopper (Demonspawn Gladiator)      Turns: 799, Time: 00:01:28

Health: 0/27       AC:  5    Str: 16    XL:     3   Next: 0%
Magic:  3/3        EV: 12    Int:  9    God:
Gold:   3          SH:  4    Dex: 14    Spells: 2/2 levels left

rFire   . . .      SeeInvis .   a - +0 war axe
rCold   . . .      Faith    .   (no shield)
rNeg    . . .      Spirit   .   j - +0 leather armour {rPois}
rPois   +          Reflect  .   c - +0 helmet
rElec   .          Harm     .   (no cloak)
rCorr   +          Rampage  .   (no gloves)
Will    .....                   f - +0 pair of boots
Stlth   +.........              (no amulet)
HPRegen 0.09/turn               e - ring of resist corrosion
MPRegen 0.08/turn               (no ring)

@: lethally poisoned (0 -> -3)
A: condensation shield
a: no special abilities


You were on level 2 of the Dungeon.
You visited 1 branch of the dungeon, and saw 2 of its levels.

You collected 3 gold pieces.

Inventory:

Hand Weapons
 a - a +0 war axe (weapon)
Missiles
 d - 3 throwing nets (quivered)
 g - 8 poisoned darts
Armour
 c - a +0 helmet (worn)
 f - a +0 pair of boots (worn)
 j - a +0 leather armour of poison resistance (worn)
Jewellery
 e - a ring of resist corrosion (left hand)
Scrolls
 h - a scroll of vulnerability {unknown}


   Skills:
 + Level 2.0 Fighting
 * Level 3.3 Axes
 + Level 2.0 Throwing
 + Level 0.1 Armour
 + Level 3.0 Dodging
 + Level 0.2 Shields


You had 2 spell levels left.
You didn't know any spells.
Your spell library was empty.

Dungeon Overview and Level Annotations

Branches:
Dungeon (2/15)

Altars:

Shops:
D:1 (


Innate Abilities, Weirdness & Mutations

A meltable shield of frost defends you. (SH +4)


Message History

You are too injured to fight recklessly!
You are too injured to fight recklessly!
You are too injured to fight recklessly!
Unknown command.
You feel sick. The adder bites you but does no damage.
The kobold barely misses you.
It was a potion of curing.
You feel better. The adder bites you but does no damage.
You block the ball python's attack. The ball python misses you.
You block the kobold's attack.
You miss the adder. You slash the ball python!
You kill the ball python!
You hit the kobold.
You kill the kobold!
You block the adder's attack. The adder bites you.
You are poisoned.
The adder poisons you!
You closely miss the adder.
You feel sick. The adder bites you.
You are lethally poisoned!
The adder poisons you!
Unknown command.
You barely miss the adder. You hit the goblin but do no damage.
You feel sick. The adder bites you.
* * * LOW HITPOINT WARNING * * *
The goblin hits you but does no damage. You block the adder's attack.
The goblin hits you with a +0 dagger.
* * * LOW HITPOINT WARNING * * *
You miss the adder. You hit the goblin.
You kill the goblin!
* * * LOW HITPOINT WARNING * * *
You feel sick.
The adder bites you but does no damage. x2
You have reached level 3!
Your experience leads to an increase in your attributes!
Increase (S)trength, (I)ntelligence, or (D)exterity?
You feel stronger. x2
You miss the adder.
* * * LOW HITPOINT WARNING * * *
You feel sick. The adder misses you. The adder barely misses you.
Unknown command.
You barely miss the adder.
You die...

.. ...
#################...
#...................
###..................#
....................#
#........$..)......#
#..........@S......#
..#......###†......#
###<.....#.......#
##.#.#.#.......#
.......+........
.##.#.#.#.......#
#.#.#.#...!...# ..#.#
#.......# .##


You could see an adder.

Vanquished Creatures
  5 ball pythons
  An endoplasm (D:1)
  A giant cockroach (D:1)
  3 goblins
  3 hobgoblins (D:1)
  A kobold (D:2)
  6 bats (D:1)
  2 frilled lizards (D:1)
  5 rats (D:1)
27 creatures vanquished.

Notes
Turn   | Place    | Note
-------+----------+-------------------------------------------
     0 | D:1      | Icepheonix32 the Demonspawn Gladiator began the quest for
                  | the Orb.
     0 | D:1      | Reached XP level 1. HP: 16/16 MP: 1/1
   199 | D:1      | Gained mutation: A meltable shield of frost defends you.
                  | (SH +4) [demonic ancestry]
   199 | D:1      | Reached XP level 2. HP: 22/22 MP: 2/2
   375 | D:1      | Found Qigg's Weapon Shoppe.
   798 | D:2      | Reached XP level 3. HP: 3/27 MP: 3/3
   798 | D:2      | HP: 1/27 [poisoned by an adder]
   799 | D:2      | Succumbed to an adder's poison

Illustrated notes

Levels and vault maps discovered:
D:1:      minmay_arrival_four_circles, layout_rooms, serial_shops, shop
D:2:      layout_basic, chequers_serial_rivers_large_b, lemuel_old_faithful,
          uniq_crazy_yiuf_cottage

Skill      XL: |  1  2 |
---------------+-------+-----
Throwing       | 2 |  2.0
Dodging        | 3 |  3.0
Axes           | 3 |  3.3
Fighting       | |  2.0
Armour         | |  0.1
Shields        | |  0.2

Action                   || total
-------------------------++-------
Melee: War axe           ||    73
       Punch             ||     1
  Use: Potion            ||     1
 Stab: Sleeping          ||     1
Armor: Leather armour    ||    27
Dodge: Dodged            ||    61
Block: Other             ||    12
